 Dungeon Crawl Stone Soup version 0.31-a0-702-gf82c85558f (webtiles) character file.

Game seed: 4579704036906407775

86 qw the Shooter (level 4, -1/28 HPs)
             Began as a Gargoyle Hunter on Sept 7, 2023.
             Slain by a goblin
             ... wielding a +0 club
             ... led by Robin
              (5 damage)
             ... on level 2 of the Dungeon.
             The game lasted 00:00:27 (1155 turns).

qw the Shooter (Gargoyle Hunter)                    Turns: 1155, Time: 00:00:28

Health: -1/28      AC:  9    Str: 14    XL:     4   Next: 49%
Magic:  4/4        EV: 16    Int: 10    God:
Gold:   39         SH:  0    Dex: 15    Spells: 3/3 levels left

rFire   . . .        Y - +0 shortbow
rCold   . . .        (shield currently unavailable)
rNeg    + . .        f - +0 ring mail
rPois   inf          (no helmet)
rElec   +            (no cloak)
rCorr   .            (no gloves)
SInv    .            (no boots)
Will    .....        (no amulet)
Stlth   +            d - +5 ring of evasion
HPRegen 0.24/turn    (no ring)
MPRegen 0.09/turn

%: no passive effects
@: no status effects
A: sickness immunity, AC +3, negative energy resistance 1, electricity
resistance, torment resistance 1, petrification resistance
a: no special abilities


You were on level 2 of the Dungeon.
You visited 1 branch of the dungeon, and saw 2 of its levels.

You collected 39 gold pieces.


Innate Abilities, Weirdness & Mutations

You are immune to sickness and miasma.
Your stone body is resilient. (AC +3)
You are immune to poison.
You resist negative energy. (rN+)
You are resistant to electric shocks. (rElec)
You are resistant to unholy torment.
You are immune to petrification.


   Skills:
 - Level 3.0 Fighting
 + Level 5.0 Ranged Weapons
 - Level 2.0 Armour
 - Level 1.5 Dodging
 - Level 1.1 Stealth


You had 3 spell levels left.
You didn't know any spells.
Your spell library was empty.

Inventory:

Hand Weapons
 Y - a +0 shortbow (weapon)
Armour
 f - a +0 ring mail (worn)
Jewellery
 d - a +5 ring of evasion (left hand)
Scrolls
 b - a scroll of identify
 g - a scroll of blinking {unknown}
Potions
 a - a potion of curing {unknown}
 c - a potion of mutation {unknown}
 e - a potion of heal wounds {unknown}

Dungeon Overview and Level Annotations

Branches:
Dungeon (2/15)

Altars:

Shops:
D:1 !


Message History

The goblin misses you. The goblin closely misses you. The goblin misses you.
Robin closely misses you.
You shoot an arrow. The arrow hits Robin.
Robin is almost dead.
The goblin hits you but does no damage. The goblin hits you with a +0 club.
The goblin hits you but does no damage. The goblin misses you.
Robin barely misses you.
You shoot an arrow. The arrow hits Robin.
Robin is almost dead.
The goblin hits you but does no damage. The goblin misses you.
The goblin barely misses you. The goblin hits you but does no damage.
Robin says, "My goblins will feast on your bones."
Robin hits you but does no damage.
You shoot an arrow.
The arrow hits Robin but does no damage.
Robin is almost dead.
The goblin closely misses you. x4; Robin throws the goblin at you!
The goblin hits you with a +0 club. x2; The goblin misses you.
The goblin hits you but does no damage. x2; Robin throws the goblin at you!
You shoot an arrow.
The arrow hits Robin but does no damage.
Robin is almost dead.
The goblin hits you but does no damage. The goblin barely misses you. x2
The goblin hits you but does no damage. x2; Robin hits you but does no damage.
You shoot an arrow. The arrow hits Robin.
You kill Robin!
The goblin misses you. The goblin completely misses you.
The goblin hits you with a +0 club. The goblin closely misses you.
The goblin hits you but does no damage.
Your Fighting skill increases to level 3!
You shoot an arrow. The arrow hits the goblin!
You kill the goblin!
The goblin hits you but does no damage. The goblin completely misses you. x3
The goblin hits you but does no damage. x2; The goblin hits you with a +0 club.
The goblin hits you but does no damage.
You shoot an arrow. The arrow hits the goblin.
The goblin is severely wounded.
The goblin hits you with a +0 club. The goblin closely misses you.
The goblin hits you with a +0 club.
You die...

########## #........#
#........# #........#
#........# #........#
#.....gg)# #......@g#
###### #.....).g########
#..... #...............#
#..... #...............#
#.....
.)...............###.....
..[%...................).
>........................
..########.########......
.# ........# ##....#


You could see 4 goblins.

Vanquished Creatures
  Natasha (D:2)
  Robin (D:2)
  A worm (D:2)
  A dart slug (D:1)
  2 bats (D:1)
  An endoplasm (D:1)
  A giant cockroach (D:1)
  9 goblins
  4 hobgoblins
  4 jackals (D:1)
  6 ball pythons
  4 frilled lizards
  5 kobolds
  2 rats (D:1)
42 creatures vanquished.

Notes
Turn   | Place    | Note
-------+----------+-------------------------------------------
     0 | D:1      | qw the Gargoyle Hunter began the quest for the Orb.
     0 | D:1      | Reached XP level 1. HP: 12/12 MP: 1/1
     0 | D:1      | 0 ||| qw: Version: 0.3-a-76-g4403597
     0 | D:1      | 0 ||| qw: Game counter: 793
     0 | D:1      | 0 ||| qw: Melee chars always use a shield: true
     0 | D:1      | 0 ||| qw: God list: Okawaru
     0 | D:1      | 0 ||| qw: Allow faded altars: false
     0 | D:1      | 0 ||| qw: Do Orc after clearing Dungeon:15 true
     0 | D:1      | 0 ||| qw: Do second Lair branch before Depths: true
     0 | D:1      | 0 ||| qw: Lair rune preference: random
     0 | D:1      | 0 ||| qw: Goals: Normal
     0 | D:1      | 0 ||| PLANNING D:1-11
    20 | D:1      | 20 ||| Stepping ~*~*~tactically~*~*~ (outnumbered).
    32 | D:1      | HP: 3/12 [kobold/+0 dagger (1)]
   104 | D:1      | Reached XP level 2. HP: 17/17 MP: 2/2
   118 | D:1      | Found Geotyr's Distillery.
   128 | D:1      | 128 ||| SHOPLISTING 2 potions of curing (78 gold, have 2).
   128 | D:1      | 128 ||| SHOPLISTING potion of cancellation (104 gold, have
                  | 2).
   128 | D:1      | 128 ||| SHOPLISTING potion of enlightenment (65 gold, have
                  | 2).
   128 | D:1      | 128 ||| SHOPLISTING potion of haste (130 gold, have 2).
   128 | D:1      | 128 ||| SHOPLISTING potion of heal wounds (65 gold, have
                  | 2).
   196 | D:1      | Found a faded altar of an unknown god.
   429 | D:1      | Reached XP level 3. HP: 21/21 MP: 3/3
   436 | D:1      | Reached skill level 5 in Ranged Weapons
   752 | D:1      | 752 ||| UPGRADING to +0 ring mail.
   762 | D:1      | 762 ||| DROPPING +0 leather armour.
   763 | D:1      | 763 ||| UPGRADING to +5 ring of evasion.
   764 | D:1      | 764 ||| READING scroll labelled WOYWUN POALL.
   765 | D:1      | 765 ||| READING scroll labelled UTASUWYARU.
   766 | D:1      | 766 ||| READING scroll labelled GOZXIG KAVUAM.
   770 | D:1      | 770 ||| DROPPING scroll of butterflies.
   934 | D:2      | Noticed Natasha
   944 | D:2      | Killed Natasha
   945 | D:2      | Reached XP level 4. HP: 18/27 MP: 4/4
  1134 | D:2      | Noticed Robin
  1135 | D:2      | 1135 ||| Stepping ~*~*~tactically~*~*~ (outnumbered).
  1153 | D:2      | Killed Robin
  1154 | D:2      | Reached skill level 3 in Fighting
  1154 | D:2      | HP: 7/28 [goblin/+0 club[Robin] (1)]
  1155 | D:2      | Slain by a goblin

Levels and vault maps discovered:
D:1:      lightli_arrival_chessboard, layout_loops_ring, serial_shops,
          nicolae_lakefront_shop, shapermc_ecumenical_altar_venn
D:2:      layout_basic, uniq_natasha, uniq_robin

Skill      XL: |  1  2  3  4 |
---------------+-------------+-----
Ranged Weapons | 5 |  5.0
Armour         | 2 |  2.0
Fighting       | 3 |  3.0
Dodging        | |  1.5
Stealth        | |  1.1

Action                     |  1- 3 |  4- 6 || total
---------------------------+-------+-------++-------
   Fire: Shortbow          |    80 |    36 ||   116
    Use: Scroll            |     3 |       ||     3
 Armour: Leather armour    |    16 |       ||    16
         Ring mail         |     7 |    42 ||    49
  Dodge: Dodged            |    23 |    46 ||    69

Table legend:
 A = Non-vault XP
 B = Vault XP
 C = Vault XP percentage of total XP
 D = Non-vault monster count
 E = Vault monster count
 F = Vault count percentage of total count
                 A         B        C        D         E       F
            +---------+---------+-------+---------+---------+-------
      Total |      61 |      62 |  50.4 |      34 |       8 |  19.0
            +---------+---------+-------+---------+---------+-------
        D:1 |      45 |       0 |   0.0 |      26 |       0 |   0.0
        D:2 |      16 |      62 |  79.5 |       8 |       8 |  50.0
            +---------+---------+-------+---------+---------+-------
